 Dungeon Crawl Stone Soup version 0.30.1-9-gdf580d7c3d (webtiles) character file.

Game seed: 5549364500031749670

58762 adizb the Cleaver (level 14, -3/116 HPs)
             Began as a Demigod Fighter on Oct 24, 2023.
             Killed by divine providence
             ... invoked by an orc priest
              (12 damage)
             ... on level 1 of the Orcish Mines.
             The game lasted 01:35:23 (11985 turns).

adizb the Cleaver (Demigod Fighter)                Turns: 11985, Time: 01:35:24

Health: -3/116     AC: 23    Str: 28 (29) XL:     14   Next: 15%
Magic:  0/24       EV: 15    Int: 13 (14) God:
Gold:   1126       SH:  0    Dex: 15      Spells: 19/21 levels left

rFire   . . .        P - +8 frozen axe "Frostbite" {freeze, freezing cloud, *Noise Fly rC+}
rCold   + + +        (shield currently unavailable)
rNeg    + . .        C - +0 plate armour {rC+}
rPois   +            g - +1 helmet "Sunoc" {rC++ Dex+2}
rElec   .            I - +2 cloak {Will+}
rCorr   .            Q - +0 pair of gloves
SInv    .            (no boots)
Will    ++...        O - amulet of guardian spirit Stlth
                     W - ring of positive energy
HPRegen 0.39/turn    f - +5 ring of evasion
MPRegen 0.19/turn

%: guardian spirit
@: flying
A: high MP 1, forlorn, divine attributes, talons 1, iridescent scales 1, sense
surroundings 1, poison resistance
a: no special abilities


You were on level 1 of the Orcish Mines.
You visited 3 branches of the dungeon, and saw 16 of its levels.
You also visited: Ice Cave.

You collected 1126 gold pieces.

Inventory:

Hand Weapons
 J - the +8 hammer of the Wolf {drain, Stlth+}
   (You found it on level 5 of the Dungeon)

   Stlth:     It makes you more stealthy.
 L - a +3 morningstar of freezing
 P - the +8 frozen axe "Frostbite" (weapon) {freeze, freezing cloud, *Noise Fly rC+}
   (You found it in an ice cave)

   rC:        It protects you from cold.
   Fly:       It grants you flight.
   *Noise:    It may make noises in combat.
Missiles
 m - 4 curare-tipped darts
 F - 4 boomerangs
 V - 2 silver boomerangs
Armour
 c - a +0 buckler
 g - the +1 helmet "Sunoc" (worn) {rC++ Dex+2}
   (You found it on level 5 of the Dungeon)

   Dex:       It affects your dexterity (+2).
   rC:        It greatly protects you from cold.
 j - a +1 troll leather armour {Snorg}
 r - a +0 pair of boots
 C - a +0 plate armour of cold resistance (worn)
 I - a +2 cloak of willpower (worn)
 Q - a +0 pair of gloves (worn)
Jewellery
 e - a ring of resist corrosion
 f - a +5 ring of evasion (right hand)
 K - an amulet of regeneration
 O - an amulet of guardian spirit (around neck)
 W - a ring of positive energy (left hand)
Wands
 b - a wand of digging (3)
 n - a wand of flame (35)
 y - a wand of paralysis (18)
 H - a wand of mindburst (15) (quivered)
Scrolls
 k - 3 scrolls of poison
 l - 4 scrolls of teleportation
 o - a scroll of summoning
 q - 3 scrolls of enchant armour
 t - a scroll of fog {unknown}
 w - 2 scrolls of brand weapon
 x - a scroll of identify
 A - 4 scrolls of magic mapping
 G - 2 scrolls of amnesia
 N - a scroll of fear
Potions
 a - a potion of brilliance {unknown}
 d - 2 potions of flight {unknown}
 h - 2 potions of mutation
 i - 5 potions of lignification
 p - 5 potions of curing
 v - a potion of cancellation
 z - a potion of berserk rage {unknown}
 B - a potion of haste {unknown}
 D - 2 potions of ambrosia {unknown}
 E - 2 potions of attraction
 M - a potion of heal wounds {unknown}
Miscellaneous
 s - a condenser vane
 u - a box of beasts
 S - a phantom mirror (inert)
 U - a piece from Xom's chessboard (15/15)


   Skills:
 - Level 8.5 Fighting
 * Level 11.2(12.6) Axes
 - Level 9.5(11.8) Maces & Flails
 - Level 4.2 Throwing
 + Level 8.8 Armour
 - Level 6.2 Dodging
 - Level 8.3 Shields
 - Level 4.0 Spellcasting
 - Level 5.1 Translocations
 - Level 5.1 Earth Magic
 - Level 6.2 Evocations


You had 19 spell levels left.
You knew the following spells:

 Your Spells              Type           Power      Damage    Failure   Level
a - Passwall              Tmut/Erth      7%         N/A       67%         2

Your spell library contained the following spells:

 Spells                   Type           Power      Damage    Failure   Level
 Apportation              Tloc           30%        N/A       22%         1
 Freeze                   Ice            8%         1d3       87%         1
 Necrotise                Necr           8%         1d4       87%         1
 Summon Small Mammal      Summ           8%         N/A       87%         1
 Vhi's Electric Charge    Tloc/Air       18%        N/A       88%         3
 Ensorcelled Hibernation  Hex/Ice        4%         N/A       95%         2
 Poisonous Vapours        Pois/Air       4%         N/A       95%         2
 Sublimation of Blood     Necr           2%         N/A       95%         2
 Wereblood                Tmut           2%         N/A       95%         2
 Frozen Ramparts          Ice            4%         1d1       99%         3
 Hailstorm                Conj/Ice       2%         3d3       99%         3
 Mephitic Cloud           Conj/Pois/Air  2%         N/A       99%         3
 Ozocubu's Armour         Ice            2%         N/A       99%         3
 Swiftness                Air            2%         N/A       99%         3
 Petrify                  Tmut/Erth      9%         N/A       99%         4
 Ice Form                 Ice/Tmut       2%         N/A       100%        4
 Alistair's Intoxication  Tmut/Pois      1%         N/A       100%        5
 Arcjolt                  Conj/Air       1%         1d11      100%        5
 Borgnjor's Vile Clutch   Necr/Erth      4%         N/A       100%        5
 Freezing Cloud           Conj/Ice/Air   1%         6-21      100%        5
 Irradiate                Conj/Tmut      1%         3d12      100%        5
 Metabolic Englaciation   Hex/Ice        1%         N/A       100%        5
 Eringya's Noxious Bog    Tmut/Pois      1%         N/A       100%        6
 Simulacrum               Ice/Necr       1%         N/A       100%        6
 Ozocubu's Refrigeration  Ice            1%         4d7       100%        7
 Summon Hydra             Summ           1%         N/A       100%        7
 Maxwell's Capacitive Co  Air            1%         ∞         100%        8
 Polar Vortex             Ice            1%         N/A       100%        9


Dungeon Overview and Level Annotations

Branches:
Dungeon (10/15)            Temple (0/1) D:5            Lair (5/5) D:9
  Swamp (0/4) Lair:2        Snake (0/4) Lair:2        Slime (0/5) Lair:4
    Orc (1/2) D:10          IceCv (visited)

Shops:
D:6 (

Portals:
Abyss: Lair:5

Annotations:
D:3 1 runed translucent door, laqueoix's ghost, amateur MfSu
Lair:1 3 runed translucent doors


Innate Abilities, Weirdness & Mutations

You have an increased reservoir of magic. (+10% MP)
You shall have no god before yourself.
Your divine heritage dramatically boosts your attributes as you level up.
You have sharp toenails.
You are partially covered in iridescent scales. (AC +2)
You passively map a small area around you.
Your system is resistant to poisons. (rPois)


Message History

Okay, then.
Okay, then.
As you read the scroll of fear, it crumbles to dust.
You assume a fearsome visage.
The orc warrior looks frightened!
The orc looks frightened!
It was a potion of cancellation.
You feel magically purged.
You closely miss the orc wizard. Your kick misses the orc wizard.
The orc wizard hits you but does no damage.
You feel better.
The orc priest calls down the wrath of Beogh upon you.
Beogh smites you!
* * * LOW HITPOINT WARNING * * *
The orc wizard closely misses you.
Okay, then.
Okay, then.
Okay, then.
Okay, then.
As you read the scroll of summoning, it crumbles to dust.
Wisps of shadow whirl around you... The orc priest misses your orc knight.
The orc wizard hits you but does no damage.
You slice the orc wizard!! You freeze the orc wizard.
You kill the orc wizard!
Something hits your orc knight but does no damage.
The orc priest hits your orc knight but does no damage.
Your orc knight hits the orc priest with a +1 great sword!
The orc priest dies!
Aiming: Mindburst
Press: ? - help, Q - select action, (/) - cycle Shift-Dir - straight line, f - orc priest
Aim: an orc priest, wielding a +0 flail (chance to affect: 84%)
Okay, then.
Something hits your orc knight but does no damage.
Something hits your orc warrior.
Something hits your orc warrior but does no damage.
Something barely misses your orc warrior.
Something barely misses your orc warrior.
Something barely misses your orc. Something hits your orc.
The orc priest invokes the aid of Beogh against you.
Beogh smites you!
You die...

##...#.###..............#
##.#..##...........#..##
##....##.....<....#...#
#....###.............##
####.####.....#.........
##.##.#.#.#.o..#...#....##
#.......)...o............#
##.#...)..##O.........#.##
####.#...#@ooo.#..#.####
####.###o#.......#
##.#.#oo...... *
#oo)..o..>.... *
##)..#........ * *
.#.o.......#. * ..
o........., #..,..o.......
, ... .......


You could see an orc priest, a friendly orc knight (summoned), a friendly orc
warrior (summoned), a friendly ogre (summoned) and 6 friendly orcs.

Vanquished Creatures
  4 hydras
  2 catoblepae
  3 two-headed ogres
  A centaur warrior (D:10)
  11 death yaks
  2 thrashing horrors (Lair:5)
  Amaemon (Lair:3)
  2 bog bodies (Lair:2)
  Pikel (D:6)
  2 ugly things
  8 elephants
  4 black mambas
  10 cane toads
  2 ice statues (IceCv)
  A smoke demon (Lair:5)
  An orange demon (Lair:3)
  2 rime drakes (Lair:4)
  6 ice devils
  6 komodo dragons
  An anaconda simulacrum (IceCv)
  2 trolls
  An ancient zyme (Lair:5)
  4 large abominations (Lair:5)
  A polar bear (Lair:2)
  A hornet (shapeshifter) (Lair:5)
  Prince Ribbit (D:5)
  11 dream sheep
  36 blink frogs
  2 dire elephant simulacra (IceCv)
  A wyvern (Lair:5)
  A spriggan (Lair:5)
  A shadow (D:7)
  44 yaks
  A ynoxinul (Lair:5)
  A yak (shapeshifter) (Lair:5)
  4 basilisks
  3 chaos spawn (Lair:5)
  2 vampire mosquitoes (D:10)
  Menkaure (D:6)
  2 nagas (Lair:2)
  3 harpy simulacra (IceCv)
  2 swamp worms (D:9)
  2 wargs (Orc:1)
  15 water moccasins
  4 hydra simulacra (IceCv)
  10 orc warriors
  2 sky beasts (D:7)
  4 black bears
  2 ice beasts
  An ogre (Orc:1)
  A centaur (D:10)
  13 wolves
  A lemure (D:6)
  9 bullfrogs
  2 kobold brigands
  2 gnoll sergeants
  4 scorpions
  3 cane toad simulacra (IceCv)
  10 small abominations (Lair:5)
  4 wights (D:8)
  5 killer bees (D:9)
  3 jellies
  Crazy Yiuf (D:5)
  7 orc priests
  2 hounds
  Jessica (D:1)
  2 sleepcaps (D:6)
  An iguana (D:6)
  12 orc wizards
  2 troll simulacra (IceCv)
  3 adders
  21 gnolls
  2 naga simulacra (IceCv)
  A white imp (D:7)
  An ufetubus (D:5)
  34 orcs
  8 ball pythons
  4 endoplasms
  5 giant cockroaches
  7 goblins
  6 hobgoblins
  2 quokkas
  3 bats
  4 frilled lizards
  26 kobolds
  6 rats
453 creatures vanquished.

Vanquished Creatures (collateral kills)
  An orc warlord (Orc:1)
  A reaper (IceCv)
  Snorg (Lair:3)
  An orc priest (Orc:1)
4 creatures vanquished.

Vanquished Creatures (others)
  3 kobolds (D:8)
3 creatures vanquished.

Grand Total: 460 creatures vanquished

Notes
Turn   | Place    | Note
-------+----------+-------------------------------------------
     0 | D:1      | adizb the Demigod Fighter began the quest for the Orb.
     0 | D:1      | Reached XP level 1. HP: 18/18 MP: 3/3
   308 | D:1      | Reached XP level 2. HP: 25/25 MP: 4/4
   850 | D:2      | Noticed Jessica
   855 | D:1      | Killed Jessica
   856 | D:1      | Reached XP level 3. HP: 21/31 MP: 5/5
  1289 | D:1      | Reached XP level 4. HP: 35/38 MP: 6/6
  1969 | D:3      | Found a runed translucent door.
  1975 | D:3      | Noticed laqueoix's ghost (amateur MfSu)
  2500 | D:4      | Reached XP level 5. HP: 43/45 MP: 7/7
  2596 | D:4      | You fall into a shaft and drop 2 floors!
  2629 | D:6      | Gained mutation: Your system is resistant to poisons.
                  | (rPois) [potion of mutation]
  2629 | D:6      | Gained mutation: You are partially covered in iridescent
                  | scales. (AC +2) [potion of mutation]
  2629 | D:6      | Gained mutation: You have sharp toenails. [potion of
                  | mutation]
  2629 | D:6      | Gained mutation: You passively map a small area around you.
                  | [potion of mutation]
  2680 | D:6      | Reached skill level 1 in Evocations
  2733 | D:5      | Entered Level 5 of the Dungeon
  2754 | D:5      | Reached XP level 6. HP: 40/52 MP: 8/8
  2836 | D:5      | Identified the +1 helmet "Sunoc" {rC++ Dex+2}
  3014 | D:5      | Noticed a water moccasin
  3026 | D:5      | Killed a water moccasin
  3040 | D:5      | Reached XP level 7. HP: 16/59 MP: 9/9
  3203 | D:5      | Found a staircase to the Ecumenical Temple.
  3206 | D:5      | Noticed Prince Ribbit
  3225 | D:5      | Killed Prince Ribbit
  3354 | D:5      | Reached skill level 1 in Throwing
  3471 | D:5      | Found a runed translucent door.
  3472 | D:5      | Noticed Crazy Yiuf
  3483 | D:5      | Killed Crazy Yiuf
  3488 | D:5      | Identified the +8 hammer of the Wolf {drain, Stlth+}
  3674 | D:6      | Noticed Pikel
  3691 | D:6      | Killed Pikel
  3692 | D:6      | Reached skill level 5 in Fighting
  3692 | D:6      | Reached skill level 5 in Armour
  3692 | D:6      | Reached skill level 5 in Shields
  3692 | D:6      | Reached XP level 8. HP: 57/68 MP: 10/10
  3697 | D:6      | Found Ostrieme's Hydra Hut.
  3703 | D:6      | Noticed a four-headed hydra
  3707 | D:6      | Noticed Menkaure
  3713 | D:6      | Killed Menkaure
  3743 | D:6      | Noticed an angel
  3974 | D:7      | Reached skill level 5 in Maces & Flails
  4437 | D:7      | Reached XP level 9. HP: 36/74 MP: 11/11
  4573 | D:7      | Reached skill level 1 in Dodging
  4862 | D:7      | Learned a level 2 spell: Passwall
  5207 | D:8      | Reached skill level 1 in Translocations
  5207 | D:8      | Reached skill level 1 in Earth Magic
  5314 | D:8      | Reached skill level 1 in Spellcasting
  5435 | D:8      | Noticed a profane servitor
  5442 | D:8      | Noticed an angel
  5741 | D:9      | Found a staircase to the Lair.
  5936 | D:9      | Noticed a two-headed ogre
  5944 | D:9      | Killed a two-headed ogre
  5945 | D:9      | Reached XP level 10. HP: 83/83 MP: 14/16
  6178 | Lair:1   | Entered Level 1 of the Lair of Beasts
  6384 | Lair:1   | Found a runed translucent gate.
  6384 | Lair:1   | Found a runed translucent gate.
  6384 | Lair:1   | Found a runed translucent gate.
  6388 | Lair:1   | Noticed a spectral catoblepas
  6424 | Lair:1   | Noticed a seven-headed hydra
  6437 | Lair:1   | Killed a seven-headed hydra
  6634 | Lair:1   | Noticed a black mamba
  6643 | Lair:1   | Killed a black mamba
  6644 | Lair:1   | Reached XP level 11. HP: 80/91 MP: 19/19
  7092 | Lair:2   | Found a staircase to the Swamp.
  7092 | Lair:2   | Noticed a bog body
  7092 | Lair:2   | Noticed a bog body
  7111 | Lair:2   | Killed a bog body
  7115 | Lair:2   | Killed a bog body
  7311 | Lair:2   | Found a staircase to the Snake Pit.
  7397 | Lair:2   | Identified the +11 rapier of Lies {heavy, Contam Str+3}
  7416 | Lair:2   | Noticed a death yak
  7426 | Lair:2   | Killed a death yak
  7428 | Lair:2   | Noticed a death yak
  7428 | Lair:2   | Noticed a death yak
  7428 | Lair:2   | Noticed a death yak
  7428 | Lair:2   | Noticed a death yak
  7448 | Lair:2   | Killed a death yak
  7613 | Lair:2   | Found a dark tunnel.
  7688 | Lair:2   | Reached skill level 5 in Evocations
  7772 | Lair:2   | Killed a death yak
  7786 | Lair:2   | Killed a death yak
  7868 | Lair:1   | Killed a death yak
  8223 | Lair:2   | Reached XP level 12. HP: 98/100 MP: 21/21
  8325 | Lair:3   | Reached skill level 5 in Dodging
  8347 | Lair:3   | Reached skill level 5 in Earth Magic
  8391 | Lair:3   | Noticed a catoblepas
  8407 | Lair:3   | Killed a catoblepas
  8562 | Lair:3   | Noticed Amaemon
  8566 | Lair:3   | Reached skill level 5 in Translocations
  8576 | Lair:3   | Killed Amaemon
  8904 | Lair:3   | Found a frozen archway.
  8926 | IceCv    | Entered an ice cave
  9094 | IceCv    | Found the +8 frozen axe "Frostbite" {freeze, freezing
                  | cloud, *Noise Fly rC+}
  9333 | IceCv    | Noticed a reaper
  9340 | IceCv    | Killed a reaper
  9341 | IceCv    | Reached skill level 1 in Axes
  9378 | IceCv    | Reached XP level 13. HP: 108/108 MP: 22/22
  9539 | Lair:3   | Noticed Snorg
  9555 | Lair:3   | Killed Snorg
  9556 | Lair:3   | Reached skill level 2 in Axes
  9700 | Lair:3   | Reached skill level 3 in Axes
  9776 | Lair:3   | Reached skill level 4 in Axes
  9997 | Lair:4   | Reached skill level 5 in Axes
 10061 | Lair:4   | Found a staircase to the Slime Pits.
 10269 | Lair:4   | Reached skill level 6 in Axes
 10406 | Lair:4   | Reached skill level 7 in Axes
 10420 | Lair:5   | Entered Level 5 of the Lair of Beasts
 10547 | Lair:5   | Reached skill level 8 in Axes
 10745 | Lair:5   | Reached skill level 9 in Axes
 10906 | Lair:5   | Reached skill level 10 in Axes
 11012 | Lair:5   | Found a one-way gate to the infinite horrors of the Abyss.
 11020 | Lair:5   | Identified the +4 glaive "Woir" {freeze, rPois Str+2}
 11025 | Lair:5   | Identified the staff of poison "Bihytul" {rPois rC+++ Str+6
                  | Dex-4}
 11626 | D:10     | Entered Level 10 of the Dungeon
 11640 | D:10     | Reached XP level 14. HP: 111/116 MP: 24/24
 11751 | D:10     | Got Kikubaaqudgha's Disquisition on Shadows
 11818 | D:10     | Found a staircase to the Orcish Mines.
 11827 | Orc:1    | Entered Level 1 of the Orcish Mines
 11916 | Orc:1    | Reached skill level 11 in Axes
 11933 | Orc:1    | Noticed an orc warlord
 11956 | Orc:1    | Killed an orc warlord
 11972 | Orc:1    | HP: 5/116 [orc warrior/bolt (13)]
 11985 | Orc:1    | Killed from afar by an orc priest

Illustrated notes

Levels and vault maps discovered:
D:1:      dpeg_arrival_rooms_with_view, layout_basic, chequers_decorated_corner,
          minmay_misc_feat_hallway
D:2:      layout_basic, uniq_jessica
D:3:      layout_loops_corners, nicolae_ashenzari_skybound, serial_aquarium,
          aquarium_bridge_square [aquarium_subvault_bridge,
          aquarium_subvault_window, aquarium_subvault_wall,
          aquarium_subvault_bridge], aquarium_window_2, aquarium_window_fake,
          aquarium_window_1, aquarium_window_2, aquarium_view_2a,
          aquarium_pool_1, ebering_ghost_reflecting_pool, serial_bayou_pond_a
D:4:      layout_rooms
D:5:      layout_cave_pools, mainiacjoe_overflow_six_doors_small,
          minmay_temple_entry_purple_smoke, uniq_prince_ribbit1,
          uniq_crazy_yiuf_cottage
D:6:      layout_basic, grunt_temple_overflow_order_and_chaos_1,
          doesnt_shop_hydraphobe, uniq_menkaure, uniq_pikel
D:7:      kennysheep_kobold_camp, layout_cave_pods,
          nicolae_overflow_hidden_temple, corexii_leaking_fountain
D:8:      layout_loops_ring, grunt_temple_overflow_holy_war
D:9:      layout_small_grid, dpeg_oklobed_lair, worms_lemuel
D:10:     layout_rooms, grunt_temple_overflow_magic_moments, david_orc_4
Lair:1:   layout_regular_city, gammafunk_ghost_necromancy,
          infiniplex_staircase_pool_2
Lair:2:   layout_layer_cave, skrybe_swamp_entry_bodies,
          minmay_snake_entry_guardpost_small, lightli_volcano_entry_magma_tube,
          beast_lair_carwin_2
Lair:3:   layout_cave_pods, portal_ice_cave_demonic_guard, serial_forest,
          infiniplex_forest_end_1, infiniplex_forest_end_double,
          infiniplex_forest_side_room, infiniplex_forest_clump_small,
          infiniplex_forest_clump_tiny, infiniplex_forest_lined_2,
          infiniplex_forest_end_2, uniq_amaemon, uniq_snorg
Lair:4:   layout_small_grid, slime_entry_1, grunt_forest_large_clearings,
          grunt_megastairs_3
Lair:5:   hellmonk_lair_end_abyssal_woods, layout_small_grid, fungi_pond_lemuel
Orc:1:    layout_caves

Skill      XL: |  1  2  3  4  5  6  7  8  9 10 11 12 13 14 |
---------------+-------------------------------------------+-----
Maces & Flails | 2 3 4 5 6 7 8 9 |  9.5
Armour         | 3 4 5 6 7 8 |  8.8
Fighting       | 3 4 5 6 7 8 |  8.5
Shields        | 3 4 5 6 7 8 |  8.3
Evocations     | 1 2 3 4 5 6 |  6.2
Throwing       | 2 3 4 |  4.2
Dodging        | 2 3 4 6 |  6.2
Translocations | 2 3 4 5 |  5.1
Earth Magic    | 2 3 4 5 |  5.1
Spellcasting   | 2 3 4 |  4.0
Axes           | 1 10 11 | 11.2

Action                     |  1- 3 |  4- 6 |  7- 9 | 10-12 | 13-15 || total
---------------------------+-------+-------+-------+-------+-------++-------
  Melee: Flail             |    98 |   163 |    17 |       |       ||   278
         Kick              |       |    34 |    73 |   233 |   101 ||   441
         Mace              |       |       |   149 |       |       ||   149
         Morningstar       |       |       |    73 |   554 |       ||   627
         Executioner's axe |       |       |       |    18 |   332 ||   350
  Throw: Dart              |     3 |       |       |       |     1 ||     4
         Boomerang         |       |       |    49 |    36 |    12 ||    97
         Throwing net      |       |       |       |     1 |       ||     1
  Evoke: Wand              |     1 |     6 |     5 |     1 |       ||    13
         Box of beasts     |       |       |       |     1 |       ||     1
         Phantom mirror    |       |       |       |       |     1 ||     1
    Use: Scroll            |       |     6 |    10 |     6 |     8 ||    30
         Potion            |       |     1 |       |     1 |     5 ||     7
   Stab: Paralysed         |       |       |     2 |       |       ||     2
         Held in net/web   |       |       |       |     1 |       ||     1
 Armour: Scale mail        |    26 |    12 |       |       |       ||    38
         Chain mail        |       |    45 |    85 |   200 |     4 ||   334
         Plate armour      |       |       |       |       |   210 ||   210
  Dodge: Dodged            |    70 |    91 |   142 |   350 |   294 ||   947
  Block: Buckler           |    29 |    37 |    50 |   113 |       ||   229
